 Dungeon Crawl Stone Soup version 0.32-a0-899-geb5ba95 (webtiles) character file.

Game seed: 13488461798370691453

1586 Sticksnake the Sneak (level 8, -1/52 HPs)
             Began as a Human Chaos Knight on Apr 4, 2024.
             Was a Plaything of Xom.
             Slain by a raiju (2 damage)
             ... on level 1 of the Abyss.
             The game lasted 00:21:06 (3967 turns).

Sticksnake the Sneak (Human Chaos Knight)           Turns: 3967, Time: 00:21:07

Health: -1/52      AC: 11    Str: 11 (12) XL:     8   Next: 92%
Magic:  8/8        EV:  6    Int: 13      God:    Xom [*.....]
Gold:   201        SH:  5    Dex: 14 (15) Spells: 7/7 levels left

rFire   . . .        G - +4 trident (drain)
rCold   x . .        (no shield)
rNeg    . . .        s - +4 chain mail of Free Expression {rElec}
rPois   .            m - +0 helmet
rElec   +            b - scarf of Day {shadows, Harm Rampage rElec rC-}
rCorr   .            (no gloves)
SInv    .            (no boots)
Will    .....        D - amulet of reflection Stlth
                     (no ring)
HPRegen 0.28/turn    (no ring)
MPRegen 0.11/turn

%: harm (+30% outgoing, +20% incoming), reflection, clarity, rampage
@: mighty, attractive
A: explore regen, clarity, deformed body, deterioration 1, frail 1, sense
surroundings 1
a: Renounce Religion


You were on level 1 of the Abyss.
You worshipped Xom.
You were a special plaything of Xom.
You visited 1 branch of the dungeon, and saw 6 of its levels.
You visited the Abyss 1 time.
You also visited: Ossuary.

You collected 201 gold pieces.

Inventory:

Hand Weapons
 a - a +0 spear of chaos
 c - a +1 spear of flaming
 t - a +0 long sword of distortion
 G - a +4 trident of draining (weapon)
Armour
 b - the scarf of Day (worn) {shadows, Harm Rampage rElec rC-}
   (Xom gifted it to you on level 4 of the Dungeon)

   rC-:       It makes you vulnerable to cold.
   rElec:     It insulates you from electricity.
   Harm:      It increases damage dealt and taken.
   Rampage:   It bestows one free step when moving towards enemies.
 m - a +0 helmet (worn)
 q - a +3 leather armour of willpower
 s - the +4 chain mail of Free Expression (worn) {rElec}
   (You took it off Edmund on level 4 of the Dungeon)

   rElec:     It insulates you from electricity.
 F - the +4 ring mail of Elyvilon's Whim {rF++}
   (You found it on level 6 of the Dungeon)

   rF++:      It greatly protects you from fire.
Jewellery
 D - an amulet of reflection (around neck)
Talismans
 e - a flux talisman
 j - a serpent talisman
Wands
 g - a wand of warping (8)
 p - a wand of mindburst (6)
Scrolls
 d - a scroll of fog {unknown}
 f - 7 scrolls of teleportation
 h - 6 scrolls of identify
 k - a scroll of revelation {unknown}
 l - 3 scrolls of poison {unknown}
 o - 2 scrolls of blinking {unknown}
 y - a scroll of torment {unknown}
Potions
 i - a potion of curing
 u - 3 potions of haste {unknown}
 v - a potion of lignification {unknown}
 x - a potion of ambrosia {unknown}
 z - 3 potions of mutation {unknown}
 A - a potion of degeneration {unknown}
 B - a potion of resistance {unknown}
 C - a potion of berserk rage {unknown}
 E - a potion of enlightenment


   Skills:
 - Level 3.0 Fighting
 * Level 3.9 Long Blades
 - Level 2.1(3.2) Axes
 - Level 3.7(4.0) Polearms
 - Level 1.2 Throwing
 - Level 5.1 Armour
 - Level 3.6 Dodging
 + Level 5.5 Stealth
 + Level 4.5 Evocations


You had 7 spell levels left.
You didn't know any spells.
Your spell library was empty.

Dungeon Overview and Level Annotations

Branches:
Dungeon (6/15)             Temple (0/1) D:4         Ossuary (visited)

Altars:
Hepliaklqana
Ru

Shops:
D:3 :

Annotations:
D:3 Grinder


Innate Abilities, Weirdness & Mutations

You regain HP and MP as you explore.
You possess an exceptional clarity of mind.
Armour fits poorly on your strangely shaped body.
Your body sometimes deteriorates upon taking damage.
You are frail. (-10% HP)
You passively map a small area around you.


Message History

The raiju evaporates and reforms as a fire bat!
You hear a bark!
The fire bat bites you but does no damage. x2
The raiju bursts into living lightning!
The living lightning hits you. You resist.
The raiju blinks!
The raiju is attracted toward you. x2
It was a potion of might.
You feel very mighty all of a sudden. The fire bat bites you.
You are engulfed in flames!
* * * LOW HITPOINT WARNING * * *
The raiju bursts into living lightning!
The living lightning hits you. You resist.
* * * LOW HITPOINT WARNING * * *
Your body deteriorates!
You feel weakened.
The raiju blinks!
The raiju bites you.
* * * LOW HITPOINT WARNING * * *
The raiju shocks you. You resist.
* * * LOW HITPOINT WARNING * * *
The raiju is attracted toward you.
You puncture the raiju!
The raiju is heavily wounded.
The fire bat bites you but does no damage. x2
The raiju bites you but does no damage.
A raiju comes into view.
The raiju closely misses you. The raiju bites you but does no damage.
You block the raiju's attack. The raiju bites you but does no damage.
The raiju closely misses you. The raiju is attracted toward you.
As you read the scroll labelled MEWKIN AMIUST, it crumbles to dust.
It is a scroll of identify.
f - 7 scrolls of teleportation You block the raiju's attack.
The raiju barely misses you.
The raiju bursts into living lightning!
The living lightning hits you. You resist.
* * * LOW HITPOINT WARNING * * *
The raiju blinks!
The raiju bites you but does no damage.
You feel better. The raiju bites you but does no damage. The raiju bites you!
* * * LOW HITPOINT WARNING * * *
The raiju shocks you. You resist.
You die...
Xom roars with laughter!

##..# . ....# ..
.... .. #..###
##..##....##
........... .
.....hh#.#### #
##.h@#..(.#
#hh#h..#.## ..
.....##....###
h.......###.#...###
#
##..##..#....#.....
. #. #.ยง.##.#.###
## . ... #.....#.#
.# . ....##. ... #
#.# # #.....### # .


You could see 6 raiju.

Vanquished Creatures
  A sea snake (D:6)
  Edmund (D:4)
  An ice beast (D:5)
  2 phantoms (D:5)
  An elf zombie (Ossuary)
  2 elf skeletons (D:5)
  A howler monkey (D:4)
  2 bombardier beetles (D:5)
  2 hounds
  A jelly (D:5)
  An orc priest (D:4)
  A human skeleton (D:5)
  Ijyb (D:4)
  An iguana (D:5)
  An orc wizard (D:3)
  2 hound zombies (Ossuary)
  4 mummies (Ossuary)
  5 gnolls
  An adder (D:6)
  An adder zombie (Ossuary)
  3 dart slugs
  A ribbon worm (D:2)
  6 orcs
  5 endoplasms
  2 giant cockroaches
  A gnoll zombie (Ossuary)
  2 goblins
  8 hobgoblins
  2 jackals (D:3)
  A quokka (D:3)
  4 ball pythons
  5 frilled lizards
  A goblin zombie (Ossuary)
  2 hobgoblin zombies (Ossuary)
  A jackal zombie (Ossuary)
  4 kobolds
  2 orc skeletons (D:5)
  2 orc zombies
  5 rats
  2 rat zombies (Ossuary)
91 creatures vanquished.

Vanquished Creatures (collateral kills)
  An adder (D:2)
  A bat (D:2)
2 creatures vanquished.

Grand Total: 93 creatures vanquished

Notes
Turn   | Place    | Note
-------+----------+-------------------------------------------
     0 | D:1      | Sticksnake the Human Chaos Knight began the quest for the
                  | Orb.
     0 | D:1      | Reached XP level 1. HP: 18/18 MP: 1/1
   198 | D:1      | Reached XP level 2. HP: 12/24 MP: 2/2
   322 | D:1      | XOM: cast spell 'Summon Ice Beast'
   394 | D:1      | XOM: 1-stop teleportation journey
   450 | D:1      | Reached skill level 1 in Axes
   531 | D:2      | Reached XP level 3. HP: 26/29 MP: 3/3
   566 | D:2      | Reached skill level 1 in Stealth
   607 | D:2      | XOM: torment (16/29 hp)
   788 | D:2      | Found a sacrificial altar of Ru.
   903 | D:2      | XOM: summons friendly quasit
   921 | D:3      | Found a faded altar of an unknown god.
   924 | D:3      | Reached XP level 4. HP: 27/35 MP: 4/4
   938 | D:3      | Reached skill level 1 in Long Blades
  1003 | D:3      | Found Nuodghibreo's Book Shop.
  1028 | D:3      | XOM: smoke on damage
  1039 | D:3      | Xom revived you
  1169 | D:3      | Identified the +4 plate armour of Inliopoo {Rampage Will-
                  | Int+5}
  1411 | D:3      | Noticed Grinder
  1425 | D:4      | Noticed Edmund
  1491 | D:3      | You fall into a shaft and drop 1 floor!
  1518 | D:4      | Found a hazy altar of Hepliaklqana.
  1621 | D:4      | XOM: confuse monster(s)
  1626 | D:4      | Reached XP level 5. HP: 41/41 MP: 5/5
  1808 | D:4      | Noticed Ijyb
  1820 | D:4      | Identified the scarf of Day {shadows, Harm Rampage rElec
                  | rC-} (Xom gifted it to you on level 4 of the Dungeon)
  1820 | D:4      | XOM: god gift: scarf of Day {shadows, Harm Rampage rElec
                  | rC-}
  1832 | D:4      | Killed Ijyb
  1833 | D:4      | Reached skill level 1 in Throwing
  1833 | D:4      | Reached XP level 6. HP: 32/47 MP: 6/6
  1962 | D:4      | Identified the +4 chain mail of Free Expression {rElec}
  1968 | D:4      | Killed Edmund
  1969 | D:4      | Reached skill level 1 in Evocations
  1974 | D:4      | Found a staircase to the Ecumenical Temple.
  2278 | D:5      | Entered Level 5 of the Dungeon
  2363 | D:5      | Reached XP level 7. HP: 42/52 MP: 7/7
  2549 | D:5      | Found a sand-covered staircase.
  2565 | Ossuary  | Entered an ossuary
  2568 | Ossuary  | XOM: give mutations
  2568 | Ossuary  | Gained mutation: Your body sometimes deteriorates upon
                  | taking damage. [Xom's mischief]
  2568 | Ossuary  | Gained mutation: Armour fits poorly on your strangely
                  | shaped body. [Xom's mischief]
  2578 | Ossuary  | XOM: summons friendly crimson imp
  2580 | Ossuary  | XOM: fake destruction
  2893 | D:5      | XOM: fog
  2900 | D:5      | XOM: swap monsters
  2958 | D:5      | XOM: 1-stop teleportation journey
  2968 | D:5      | XOM: enchant monster (good)
  2976 | D:5      | Reached XP level 8. HP: 29/58 MP: 8/8
  3098 | D:5      | XOM: divination: detect items
  3105 | D:5      | XOM: enchant monster (good)
  3107 | D:5      | XOM: confuse monster(s)
  3108 | D:5      | XOM: snakes to sticks
  3319 | D:5      | XOM: confusion
  3324 | D:5      | XOM: enchant monster (good)
  3336 | D:5      | XOM: give mutation
  3336 | D:5      | Gained mutation: You possess an exceptional clarity of
                  | mind. [Xom's mischief]
  3338 | D:5      | Reached skill level 5 in Armour
  3636 | D:6      | Identified the +4 ring mail of Elyvilon's Whim {rF++}
  3650 | D:6      | XOM: give mutations
  3650 | D:6      | Gained mutation: You passively map a small area around you.
                  | [Xom's mischief]
  3650 | D:6      | Gained mutation: You are frail. (-10% HP) [Xom's mischief]
  3832 | D:6      | Noticed Jeremiah
  3848 | D:6      | Jeremiah changed into Jeremiah the sea snake
  3848 | D:6      | Noticed Jeremiah
  3848 | D:6      | XOM: polymorph Jeremiah -> Jeremiah the sea snake
  3852 | D:6      | Killed Jeremiah the sea snake
  3853 | D:6      | Reached skill level 5 in Stealth
  3874 | Abyss:1  | Cast into level 1 of the Abyss (unwielding a weapon of
                  | distortion)
  3942 | Abyss:1  | Noticed a raiju
  3943 | Abyss:1  | Noticed a raiju
  3954 | Abyss:1  | Noticed a raiju
  3956 | Abyss:1  | Noticed a raiju
  3962 | Abyss:1  | Noticed a raiju
  3962 | Abyss:1  | Noticed a raiju
  3963 | Abyss:1  | a raiju changed into a fire bat
  3963 | Abyss:1  | XOM: polymorph raiju -> fire bat
  3965 | Abyss:1  | Noticed a raiju
  3967 | Abyss:1  | HP: 1/52 [raiju (9)]
  3967 | Abyss:1  | Slain by a raiju

Illustrated notes

Levels and vault maps discovered:
D:1:      kennysheep_arrival_forest, layout_basic, st_stairs_1,
          minmay_misc_feat_roman
D:2:      layout_loops_ring, basic_altar, minmay_pentomino_v2
D:3:      layout_basic, serial_shops, shop, hellmonk_ecumenical_altar_run_dry,
          dk_noncrumbling_3, minmay_cut_off, uniq_grinder, uniq_jessica
D:4:      layout_cave_pods, mainiacjoe_overflow_catwalk,
          nicolae_uskayaw_suspiria, temple_statues, uniq_edmund, uniq_ijyb
D:5:      layout_basic, nicolae_ossuary_entry_catacombs
D:6:      layout_loops_corners, uniq_jeremiah
Abyss:1:  base:
D:6

Skill      XL: |  1  2  3  4  5  6  7  8 |
---------------+-------------------------+-----
Axes           | 1 2 |  2.1
Stealth        | 1 2 3 4 5 |  5.5
Dodging        | 2 3 |  3.6
Long Blades    | 1 3 |  3.9
Throwing       | 1 |  1.2
Evocations     | 2 3 4 |  4.5
Armour         | 4 5 |  5.1
Fighting       | |  3.0
Polearms       | |  3.7

Action                     |  1- 3 |  4- 6 |  7- 9 || total
---------------------------+-------+-------+-------++-------
  Melee: Long sword        |    93 |    13 |     1 ||   107
         Spear             |     2 |    96 |   202 ||   300
         Trident           |       |       |     1 ||     1
  Throw: Throwing net      |       |     2 |       ||     2
         Dart              |       |       |     2 ||     2
  Evoke: Wand              |       |     7 |     4 ||    11
    Use: Potion            |       |     4 |     3 ||     7
         Scroll            |       |     1 |     1 ||     2
   Stab: Sleeping          |     2 |     4 |     9 ||    15
         Confused          |       |     2 |     2 ||     4
         Paralysed         |       |       |     9 ||     9
         Distracted        |       |       |     1 ||     1
 Armour: Leather armour    |    92 |    56 |    83 ||   231
         Chain mail        |       |       |    34 ||    34
         Ring mail         |       |       |     7 ||     7
         Skin              |       |       |     2 ||     2
  Dodge: Dodged            |    76 |    48 |    95 ||   219
  Block: Other             |       |       |    14 ||    14
         Form:             |     1 |       |       ||     1
         Flux              |     1 |       |       ||     1

Table legend: (Time is in decaauts)
 A = Elapsed time spent in this place.
 B = Non-inter-level travel time spent in this place.
 C = Inter-level travel time spent in this place.
 D = Time resting spent in this place.
 E = Time spent auto-exploring this place.
 F = Levels seen in this place.
 G = Mean time per level.
                   A        B        C        D        E       F      G
               +--------+--------+--------+--------+--------+-----+--------+
         Total |   3973 |   3944 |     29 |    331 |   2373 |   8 |  496.6 |
       Dungeon |   3593 |   3564 |     29 |    331 |   2166 |   6 |  598.8 |
         Abyss |     92 |     92 |      0 |      0 |     61 |   1 |   92.0 |
       Ossuary |    286 |    286 |      0 |      0 |    146 |   1 |  286.0 |
               +--------+--------+--------+--------+--------+-----+--------+

Top non-repeatable levels by time:
     D:5: 1005 daAuts
     D:4: 787 daAuts
     D:2: 653 daAuts
     D:1: 477 daAuts
     D:3: 389 daAuts
 Ossuary: 286 daAuts
     D:6: 280 daAuts
 Abyss:1: 92 daAuts
